 Dungeon Crawl Stone Soup version 0.27.0-1-g7a089689b8 (webtiles) character file.

Game seed: 8439718632664813544

10948 tilp the Covert (level 11, -7/90 HPs)
             Began as a Vampire Hunter on Aug 3, 2021.
             Was a Believer of Makhleb.
             Mangled by a freezing wraith (23 damage)
             ... on level 11 of the Dungeon.
             The game lasted 00:29:51 (13332 turns).

tilp the Covert (Vampire Hunter)                   Turns: 13332, Time: 00:29:52

Health: -7/90      AC: 11    Str: 14    XL:     11   Next: 42%
Magic:  15/15      EV: 12    Int: 15    God:    Makhleb [**....]
Gold:   477        SH:  0    Dex: 14    Spells: 10/10 levels left

rFire    + . .     SeeInvis +   b - +4 halberd
rCold    . . .     Faith    .   (shield currently unavailable)
rNeg     . . .     Spirit   .   g - +1 scale mail {rF+}
rPois    .         Reflect  .   (no helmet)
rElec    .         Harm     .   D - +1 cloak
rCorr    .         Rampage  .   C - +1 pair of gloves
Will     +....                  (no boots)
Stlth    +++.......             B - amulet of regeneration
HPRegen  1.45/turn              (no ring)
MPRegen  0.14/turn              (no ring)

@: healing quickly, slowed, very slow
A: alive, fangs 3, see invisible, vampiric 2
a: Exsanguinate, Renounce Religion, Minor Destruction


You were on level 11 of the Dungeon.
You worshipped Makhleb.
Makhleb was pleased with you.
You visited 2 branches of the dungeon, and saw 12 of its levels.

You collected 1529 gold pieces.
You spent 1052 gold pieces at shops.

Inventory:

Hand Weapons
 a - a +3 whip of venom
 b - a +4 halberd (weapon)
 o - a +1 short sword
 p - a +0 long sword
 A - the +4 shortbow "Vyun" {vorpal, Will+ Int+2}
   (You bought it in a shop on level 2 of the Dungeon)

   Any ammunition fired from it inflicts extra damage upon your enemies.
   Int:       It affects your intelligence (+2).
   Will:      It increases your willpower.
 L - a +1 dagger of flaming
 P - a +0 glaive
 R - a +2 longbow of freezing
Missiles
 c - 12 javelins {!f}
 d - 2 throwing nets {!f}
 j - 5 boomerangs of dispersal {!f}
 w - 16 poisoned darts (quivered)
 x - 11 boomerangs
 H - a curare-tipped dart
Armour
 g - a +1 scale mail of fire resistance (worn)
 v - a +2 chain mail of positive energy
 C - a +1 pair of gloves (worn)
 D - a +1 cloak (worn)
 E - the +2 robe of Watchfulness {rF- rN+ Will+ Regen+}
   (You bought it in a shop on level 2 of the Dungeon)

   rF:        It makes you vulnerable to fire.
   rN:        It protects you from negative energy.
   Regen:     It increases your rate of health regeneration.
   Will:      It increases your willpower.
 Q - a +0 buckler
Magical Staves
 m - a staff of earth
Jewellery
 r - an amulet of reflection
 B - an amulet of regeneration (around neck)
 O - a ring of wizardry
Wands
 e - a wand of paralysis (5)
 y - a wand of mindburst (6)
 I - a wand of iceblast (6)
 J - a wand of acid (3)
 S - a wand of polymorph (2)
Scrolls
 f - 4 scrolls of enchant weapon
 k - 3 scrolls of amnesia
 q - 2 scrolls of blinking
 s - 5 scrolls of fog
 z - 2 scrolls of identify
 F - 3 scrolls of magic mapping
 M - a scroll of teleportation
Potions
 h - 5 potions of flight
 i - 2 potions of curing
 l - 3 potions of heal wounds
 n - a potion of haste
 t - a potion of might
 u - 4 potions of mutation
 G - 2 potions of attraction
 K - a potion of invisibility
 T - a potion of brilliance
 U - a potion of resistance {unknown}
Miscellaneous
 N - a tin of tremorstones (inert)


   Skills:
 * Level 9.8 Fighting
 + Level 0.9 Polearms
 - Level 6.0 Throwing
 - Level 8.0 Dodging
 - Level 10.0 Stealth
 + Level 2.5 Shields
 - Level 6.0 Invocations
 - Level 6.0 Evocations


You had 10 spell levels left.
You didn't know any spells.
Your spell library contained the following spells:

 Spells                   Type           Power      Damage    Failure   Level
 Summon Small Mammal      Summ           0%         N/A       77%         1
 Blink                    Tloc           N/A        N/A       88%         2
 Call Canine Familiar     Summ           0%         N/A       98%         3
 Inner Flame              Hex/Fire       0%         N/A       98%         3
 Lesser Beckoning         Tloc           0%         N/A       98%         3
 Summon Guardian Golem    Hex/Summ       0%         N/A       98%         3
 Cause Fear               Hex            0%         N/A       100%        4
 Manifold Assault         Tloc           0%         N/A       100%        5
 Storm Form               Tmut/Air       0%         N/A       100%        7
 Discord                  Hex            0%         N/A       100%        8


Dungeon Overview and Level Annotations

Branches:
Dungeon (11/15)            Temple (1/1) D:6            Lair (0/6) D:8
    Orc: D:9-12

Altars:
Ashenzari
Cheibriados
Dithmenos
Elyvilon
Fedhas
Gozag
Hepliaklqana
Kikubaaqudgha
Makhleb
Nemelex Xobeh
Okawaru
Qazlal
Ru
Sif Muna
Trog
Uskayaw
Vehumet
Wu Jian
Xom
Yredelemnul
Zin
The Shining One

Shops:
D:2 *[:   D:5 *

Portals:
Trove: D:10 (give +3 gold dragon scales)

Annotations:
D:5 ijyb (mb) in shop downstair vault, Ijyb
D:6 fire vault
D:7 Duvessa
D:8 Maggie
D:9 exclusion: 3 slime creatures, Gastronok, Harold


Innate Abilities, Weirdness & Mutations

Your natural rate of healing is accelerated.
You have razor-sharp teeth.
You have supernaturally acute eyesight. (SInv)
You are afflicted with vampirism and can become a bat while bloodless.


Message History

You reach to attack!
You completely miss the freezing wraith.
You hit the freezing wraith.
The freezing wraith is lightly damaged.
The freezing wraith hits you but does no damage.
The freezing wraith hits you. The freezing wraith barely misses you.
The freezing wraith hits you but does no damage.
You slash the freezing wraith!
The freezing wraith is moderately damaged.
The freezing wraith hits you! The freezing wraith freezes you!
The freezing wraith hits you but does no damage.
You barely miss the freezing wraith.
The freezing wraith is moderately damaged.
The freezing wraith completely misses you.
The freezing wraith closely misses you.
The freezing wraith hits you but does no damage. x2
You hit the freezing wraith.
The freezing wraith is moderately damaged.
The freezing wraith barely misses you. x2
You closely miss the freezing wraith. You bite the freezing wraith.
The freezing wraith is moderately damaged.
The freezing wraith hits you! The freezing wraith freezes you!!
The freezing wraith closely misses you. The freezing wraith hits you!
The freezing wraith freezes you!
* * * LOW HITPOINT WARNING * * *
The freezing wraith hits you!
* * * LOW HITPOINT WARNING * * *
You hit the freezing wraith but do no damage.
The freezing wraith is moderately damaged.
The freezing wraith hits you but does no damage. x2
Unknown command.
You hit the freezing wraith.
The freezing wraith is heavily damaged.
The freezing wraith barely misses you. The freezing wraith hits you.
* * * LOW HITPOINT WARNING * * *
The freezing wraith drains your vigour!
You feel yourself slow down. The freezing wraith hits you.
* * * LOW HITPOINT WARNING * * *
The freezing wraith freezes you!!
You die...

###############
!.....>........
............. .
#(.......######..
#.....<.$........
#................
#....(..........
#......W@...#.
#...........#
............#.#
#####'###...# #
.. #..## .. '..#
( W#.## ...# . .#


You could see a freezing wraith.

Vanquished Creatures
  A centaur warrior (D:9)
  2 two-headed ogres
  A skeletal warrior (D:9)
  Pikel (D:5)
  2 ugly things (D:9)
  A cyclops (D:9)
  Maurice (D:9)
  A tengu conjurer (D:9)
  A troll (D:10)
  Prince Ribbit (D:8)
  2 wraiths
  A wyvern (D:9)
  2 vampires (D:10)
  5 yaks
  A vampire mosquito (D:9)
  An acid dragon (D:10)
  2 water moccasins
  2 orc warriors
  2 black bears (D:6)
  3 sky beasts
  5 centaurs
  3 ogres
  4 kobold brigands (D:6)
  3 bullfrogs
  4 scorpions
  10 killer bees (D:10)
  6 wights
  2 howler monkeys
  2 centaur zombies
  4 hounds
  2 orc priests
  A bullfrog skeleton (D:5)
  4 centaur skeletons
  A gnoll shaman (D:9)
  4 iguanas
  4 orc wizards
  A killer bee zombie (D:9)
  14 gnolls
  4 adders
  A river rat (D:6)
  A shadow imp (D:5)
  An ufetubus (D:6)
  3 worms (D:2)
  3 dart slugs
  16 orcs
  6 ball pythons
  8 endoplasms
  8 giant cockroaches
  7 hobgoblins
  7 jackals
  10 quokkas
  9 bats
  6 frilled lizards
  7 goblins
  49 kobolds
  5 rats
258 creatures vanquished.

Vanquished Creatures (others)
  A river rat (D:10)
  A fungus (D:8)
  25 plants
27 creatures vanquished.

Grand Total: 285 creatures vanquished

Notes
Turn   | Place    | Note
-------+----------+-------------------------------------------
     0 | D:1      | tilp the Vampire Hunter began the quest for the Orb.
     0 | D:1      | Reached XP level 1. HP: 16/16 MP: 1/1
    39 | D:1      | Reached skill level 2 in Stealth
    46 | D:1      | Reached XP level 2. HP: 19/22 MP: 2/2
   237 | D:1      | Gained mutation: You are afflicted with vampirism and can
                  | become a bat while bloodless. [Vampire growth]
   237 | D:1      | Reached XP level 3. HP: 9/27 MP: 3/3
   352 | D:1      | Reached skill level 3 in Stealth
   652 | D:1      | Found a faded altar of an unknown god.
   859 | D:2      | Found Tuychano's Book Shoppe.
   957 | D:2      | Found Leol's Antique Armour Emporium.
  1068 | D:2      | Found Qoell's Assorted Antiques.
  1076 | D:2      | Bought a scroll labelled BYX ROUWKIP for 26 gold pieces
  1076 | D:2      | Bought a scroll labelled OTENKI BEJEMN for 26 gold pieces
  1208 | D:2      | Reached XP level 4. HP: 18/33 MP: 4/4
  2135 | D:3      | Reached skill level 4 in Stealth
  2288 | D:2      | Bought a scroll labelled XAICLU PACUKLE for 26 gold pieces
  2719 | D:4      | Reached XP level 5. HP: 33/38 MP: 5/5
  2980 | D:4      | Reached XP level 6. HP: 46/46 MP: 6/6
  3249 | D:4      | Reached skill level 5 in Stealth
  3443 | D:4      | Found an opulent altar of Gozag.
  3463 | D:4      | Identified a scroll of acquirement
  3463 | D:4      | Acquired 905 gold pieces
  3564 | D:2      | Bought a runed chain mail for 195 gold pieces
  3574 | D:2      | Bought a potion of heal wounds for 130 gold pieces
  3574 | D:2      | Bought a scroll of identify for 52 gold pieces
  3574 | D:2      | Bought a translucent shortbow for 208 gold pieces
  3574 | D:2      | Identified the +4 shortbow "Vyun" {vorpal, Will+ Int+2}
                  | (You bought it in a shop on level 2 of the Dungeon)
  3574 | D:2      | Bought a scroll of identify for 52 gold pieces
  3602 | D:2      | Bought a pair of gloves for 103 gold pieces
  3602 | D:2      | Bought a cloak for 103 gold pieces
  3602 | D:2      | Bought a smoking robe for 131 gold pieces
  3602 | D:2      | Identified the +2 robe of Watchfulness {rF- rN+ Will+
                  | Regen+} (You bought it in a shop on level 2 of the Dungeon)
  3785 | D:5      | Entered Level 5 of the Dungeon
  3788 | D:5      | Noticed Ijyb
  3789 | D:5      | Found Midadd's Assorted Antiques.
  4121 | D:5      | Reached skill level 5 in Dodging
  4121 | D:5      | Reached XP level 7. HP: 39/54 MP: 7/7
  4217 | D:5      | Reached skill level 6 in Stealth
  4233 | D:5      | Found a snail-covered altar of Cheibriados.
  4428 | D:5      | Found a burning altar of Makhleb.
  4439 | D:5      | Reached skill level 7 in Stealth
  4440 | D:5      | Became a worshipper of Makhleb the Destroyer
  4903 | D:6      | Noticed a wraith
  5004 | D:6      | Noticed Pikel
  5137 | D:5      | Reached skill level 8 in Stealth
  5137 | D:5      | Reached skill level 1 in Evocations
  5223 | D:5      | Killed a wraith
  5224 | D:5      | Reached XP level 8. HP: 36/60 MP: 8/8
  5440 | D:5      | Killed Pikel
  5441 | D:5      | Reached skill level 5 in Fighting
  5840 | D:6      | Reached skill level 5 in Throwing
  5878 | D:6      | Found a staircase to the Ecumenical Temple.
  5892 | D:6      | Reached XP level 9. HP: 63/69 MP: 9/9
  5899 | Temple   | Entered the Ecumenical Temple
  6128 | D:6      | Found a basalt altar of Yredelemnul.
  6697 | D:6      | Reached skill level 1 in Invocations
  6790 | D:6      | Reached * piety under Makhleb
  7189 | D:6      | Reached ** piety under Makhleb
  7524 | D:7      | Found a hazy altar of Hepliaklqana.
  7575 | D:7      | Noticed Duvessa
  8092 | D:8      | Noticed Joseph
  8395 | D:8      | Found a bloodstained altar of Trog.
  8411 | D:8      | Noticed a two-headed ogre
  8468 | D:7      | Killed a two-headed ogre
  8469 | D:7      | Reached skill level 9 in Stealth
  8469 | D:7      | Reached XP level 10. HP: 54/79 MP: 13/13
  8650 | D:8      | Noticed Joseph
  8650 | D:8      | Joseph changed into Joseph the howler monkey
  8656 | D:8      | Killed Joseph the howler monkey
  9293 | D:8      | Noticed Maggie
  9466 | D:8      | Found a staircase to the Lair.
  9476 | D:8      | Found a broken altar of Ashenzari.
  9485 | D:8      | Noticed Prince Ribbit
  9500 | D:8      | Killed Prince Ribbit
  9501 | D:8      | Reached skill level 10 in Stealth
  9792 | D:9      | Noticed Gastronok
  9922 | D:9      | Noticed Maurice
  9930 | D:9      | Killed Maurice
 10282 | D:9      | Noticed Harold
 10377 | D:9      | Noticed a two-headed ogre
 10391 | D:9      | Killed a two-headed ogre
 10392 | D:9      | Reached skill level 5 in Invocations
 10392 | D:9      | Reached skill level 5 in Evocations
 10551 | D:9      | Noticed a green ugly thing
 10557 | D:9      | Killed a green ugly thing
 10630 | D:9      | Noticed a skeletal warrior
 10630 | D:9      | Noticed a purple ugly thing
 10729 | D:9      | Noticed a centaur warrior
 10730 | D:9      | Noticed a cyclops
 10731 | D:9      | Killed a centaur warrior
 10732 | D:9      | Reached XP level 11. HP: 48/86 MP: 15/15
 10785 | D:9      | Killed a skeletal warrior
 10937 | D:9      | Killed a purple ugly thing
 10938 | D:9      | Reached skill level 1 in Shields
 11385 | D:10     | Entered Level 10 of the Dungeon
 11586 | D:10     | Found an ancient bone altar of Kikubaaqudgha.
 11666 | D:10     | Found an iron altar of Okawaru.
 11805 | D:10     | Found a shimmering blue altar of Sif Muna.
 12547 | D:10     | Found a portal to a secret trove of treasure.
 12877 | D:11     | Noticed a seven-headed hydra
 13288 | D:11     | Noticed a four-headed hydra
 13332 | D:11     | Mangled by a freezing wraith

Illustrated notes

Levels and vault maps discovered:
D:1:      dpeg_arrival_renting, layout_rooms,
          ebering_ecumenical_altar_sacrificial, minmay_distorted
D:2:      layout_loops_corners, serial_shops, shop, shop_fountains,
          nicolae_square_shop, corexii_shack, grunt_ministairs_11
D:3:      layout_basic
D:4:      layout_basic, grunt_gozag_statues
D:5:      layout_loops_corners, chequers_temple_overflow_statue_of_worship,
          nicolae_take_the_stairs, corexii_corridor_pit, uniq_ijyb
D:6:      minmay_goblin_kobold_castle, layout_rooms, yredelemnul_altar_generic,
          nicolae_elyvilon_temple_path, minmay_temple_entry_stoned_glass,
          minmay_misc_feat_alley, lemuel_flame_loot_1, uniq_pikel
D:7:      layout_basic, overflow_temple_1_default, uniq_duvessa
D:8:      layout_gridville, mainiacjoe_overflow_cross_hatched,
          mainiacjoe_overflow_tiny_flanked, dpeg_oklobed_lair, uniq_joseph,
          uniq_maggie, uniq_prince_ribbit1
D:9:      minmay_chambers_of_sevens, layout_loops_ring, uniq_harold,
          uniq_maurice, uniq_gastronok
D:10:     layout_basic, mainiacjoe_overflow_alcove_1, mainiacjoe_overflow_paths,
          marbit_many_paths, enter_trove_1, serial_bayou_ford_a
D:11:     minmay_the_grid_four_pointed_star
          [minmay_the_grid_triangle_9x9_semitri,
          minmay_the_grid_triangle_9x9_from_above,
          minmay_the_grid_triangle_9x9_sparse_checkered,
          minmay_the_grid_triangle_9x9_limited_checkers,
          minmay_the_grid_prize_four_corners_diamond_a], layout_stronghold,
          orc_0_dummy
Temple:   minmay_temple_curvy_loop

Skill      XL: |  1  2  3  4  5  6  7  8  9 10 11 |
---------------+----------------------------------+-----
Stealth        | 2 3 4 5 8 9 10 | 10.0
Fighting       | 2 4 6 7 8 9 |  9.8
Dodging        | 3 4 5 6 8 |  8.0
Throwing       | 4 5 6 |  6.0
Evocations     | 3 4 6 |  6.0
Invocations    | 4 6 |  6.0
Shields        | 2 |  2.5
Polearms       | |  0.9

Action                   |  1- 3 |  4- 6 |  7- 9 | 10-12 || total
-------------------------+-------+-------+-------+-------++-------
Melee: Short sword       |   135 |       |       |       ||   135
       Bite              |    20 |    16 |    45 |    33 ||   114
       Whip              |    10 |   198 |   397 |   220 ||   825
       Dagger            |       |     8 |     6 |    49 ||    63
       Halberd           |       |       |       |    93 ||    93
Throw: Javelin           |     6 |       |     2 |       ||     8
       Dart              |       |     9 |    57 |    33 ||    99
       Boomerang         |       |       |     5 |     4 ||     9
Invok: Minor Destruction |       |       |       |     1 ||     1
Evoke: Wand              |       |       |    10 |    30 ||    40
       Tin of tremorston |       |       |       |     2 ||     2
  Use: Scroll            |     4 |    12 |     4 |     5 ||    25
       Potion            |       |       |     1 |     1 ||     2
 Stab: Sleeping          |     2 |     2 |     2 |     1 ||     7
Armor: Leather armour    |    26 |       |       |       ||    26
       Scale mail        |    41 |    81 |   238 |   203 ||   563
Dodge: Dodged            |    93 |    85 |   282 |   339 ||   799
Block: Other             |       |    40 |   107 |       ||   147
       Reflection        |       |       |     7 |       ||     7
